 Dungeon Crawl Stone Soup version 0.28.0-47-ge53b351184 (webtiles) character file.

Game seed: 11098911212606890190

2186 Iusername the Protected (level 9, -10/78 HPs)
             Began as a Minotaur Fighter on May 3, 2022.
             Was a Believer of Wu Jian.
             Killed from afar by a centaur (28 damage)
             ... with a bolt of acid
             ... on level 7 of the Dungeon on May 4, 2022.
             The game lasted 00:14:07 (8443 turns).

Iusername the Protected (Minotaur Fighter)          Turns: 8443, Time: 00:14:08

Health: -10/78     AC: 11    Str: 26    XL:     9   Next: 11%
Magic:  8/8        EV: 10    Int:  5    God:    Wu Jian [**....]
Gold:   422        SH:  4    Dex:  9    Spells: 8/8 levels left

rFire   . . .      SeeInvis .   m - +3 trident (venom)
rCold   . . .      Faith    .   c - +0 buckler
rNeg    . . .      Spirit   .   b - +0 scale mail
rPois   .          Reflect  .   (helmet restricted)
rElec   .          Harm     .   (no cloak)
rCorr   .          Rampage  .   u - +0 pair of gloves
Will    .....                   t - +0 pair of boots
Stlth   ..........              (no amulet)
HPRegen 0.23/turn               (no ring)
MPRegen 0.11/turn               (no ring)

@: no status effects
A: horns 2, retaliatory headbutt
a: Renounce Religion, Wall Jump


You were on level 7 of the Dungeon.
You worshipped Wu Jian.
Wu Jian was pleased with you.
You visited 1 branch of the dungeon, and saw 7 of its levels.

You collected 422 gold pieces.

Inventory:

Hand Weapons
 m - a +3 trident of venom (weapon)
Armour
 b - a +0 scale mail (worn)
 c - a +0 buckler (worn)
 t - a +0 pair of boots (worn)
 u - a +0 pair of gloves (worn)
Jewellery
 l - a ring of resist corrosion
 s - a ring of fire
 x - a ring of protection from fire
Wands
 q - a wand of polymorph (9)
Scrolls
 d - a scroll of immolation
 f - 3 scrolls of teleportation
 g - 4 scrolls of magic mapping
 k - a scroll of amnesia {unknown}
 n - 2 scrolls of silence
Potions
 a - a potion of curing {unknown}
 e - 2 potions of degeneration {unknown}
 h - a potion of attraction {unknown}
 i - a potion of might
 v - a potion of haste {unknown}
 w - a potion of flight {unknown}


   Skills:
 + Level 6.6 Fighting
 + Level 6.8(7.4) Short Blades
 + Level 4.4(6.6) Long Blades
 + Level 0.6 Polearms
 + Level 9.0 Armour
 + Level 3.5 Dodging
 + Level 1.7 Stealth
 + Level 4.9 Shields


You had 8 spell levels left.
You didn't know any spells.
Your spell library contained the following spells:

 Spells                   Type           Power      Damage    Failure   Level
 Magic Dart               Conj           0%         1d3       80%         1
 Searing Ray              Conj           0%         2d4       91%         2
 Fulminant Prism          Conj/Hex       0%         3d6       100%        4


Dungeon Overview and Level Annotations

Branches:
Dungeon (7/15)             Temple (0/1) D:7

Altars:
Elyvilon
Kikubaaqudgha
Okawaru
Ru
Sif Muna
Vehumet
Wu Jian
Zin

Shops:
D:2 (   D:4 (


Innate Abilities, Weirdness & Mutations

You have a pair of horns on your head.
You reflexively headbutt those who attack you in melee.


Message History

The Council accepts your kill.
No target in view!
Things that are here:
a +0 glaive; a +0 chain mail A centaur comes into view.
It is carrying a wand of acid (7).
The centaur shouts!
The centaur wields a +0 shortbow.
The centaur shoots an arrow.
The arrow hits you!
The centaur shoots an arrow.
You block the arrow.
Things that are here:
a +0 falchion of holy wrath; a boomerang; a +0 chain mail The centaur shoots an arrow.
The arrow hits you.
The centaur shoots an arrow.
The arrow hits you!
The centaur shoots an arrow.
You block the arrow.
The centaur zaps a wand.
The bolt of acid hits you!!
* * * LOW HITPOINT WARNING * * *
You are too injured to fight recklessly!
You are too injured to fight recklessly!
You are too injured to fight recklessly!
You are too injured to fight recklessly!
You are too injured to fight recklessly!
You are too injured to fight recklessly!
You are too injured to fight recklessly!
You are too injured to fight recklessly!
You are too injured to fight recklessly!
You are too injured to fight recklessly!
You are too injured to fight recklessly!
You are too injured to fight recklessly!
You are too injured to fight recklessly!
You are too injured to fight recklessly!
You are too injured to fight recklessly!
You are too injured to fight recklessly!
You are too injured to fight recklessly!
You are too injured to fight recklessly!
You are too injured to fight recklessly!
You are too injured to fight recklessly!
You are too injured to fight recklessly!
Unknown command.
The centaur shoots an arrow.
The arrow hits you but does no damage.
The centaur zaps a wand.
The bolt of acid hits you!!
You die...

#.# #.$# ##.## #.# #..#
##.#.## #.# #..#
##.###.########. #.#
#.)###.## ##......... #.#
#)......###.########. #.#
#).#.....#...# #.####
#....##.#.##.# #....#
#....##.####.# ####.#
#..#@##.# #.# #.# #..#.##.#
#.# #.# #....c..# #.#
#.#########.#.#######.# #
#........#..#.###.....#....
########.#.##...........#
#....#.###.#######
##....#.##...#####
#.................#


You could see a centaur.

Vanquished Creatures
  The ghost of acdeimund the Poker, an amateur MfGl (D:4)
  3 vampire mosquitoes (D:6)
  An acid dragon (D:6)
  A black bear (D:4)
  An orc warrior (D:7)
  An ice beast (D:7)
  3 ogres
  2 centaurs (D:6)
  A phantom (D:6)
  2 kobold brigands
  Blork the orc (D:6)
  A scorpion (D:5)
  A wyvern skeleton (D:6)
  A centaur zombie (D:6)
  2 hounds
  2 orc priests
  A bullfrog skeleton (D:6)
  An iguana (D:5)
  2 orc wizards
  A hound zombie (D:5)
  A howler monkey zombie (D:7)
  11 adders
  A shadow imp (D:6)
  A white imp (D:4)
  An ufetubus (D:5)
  3 worms
  A dart slug (D:3)
  15 orcs
  7 endoplasms
  3 giant cockroaches
  10 goblins
  9 hobgoblins
  7 jackals
  4 quokkas
  3 ball pythons
  2 bats
  2 frilled lizards
  13 kobolds
  3 rats
126 creatures vanquished.

Notes
Turn   | Place    | Note
-------+----------+-------------------------------------------
     0 | D:1      | Iusername the Minotaur Fighter began the quest for the Orb.
     0 | D:1      | Reached XP level 1. HP: 19/19 MP: 0/0
   259 | D:1      | Reached XP level 2. HP: 25/27 MP: 1/1
   434 | D:1      | Found a faded altar of an unknown god.
   889 | D:1      | Reached XP level 3. HP: 29/33 MP: 2/2
  1143 | D:2      | Reached skill level 4 in Armour
  1284 | D:2      | Found Jonaonkafe's Weapon Shop.
  2389 | D:2      | Reached XP level 4. HP: 38/40 MP: 3/3
  2764 | D:3      | Found a white marble altar of Elyvilon.
  2780 | D:3      | Found an ornate altar of the Wu Jian Council.
  2838 | D:3      | Became a worshipper of the Wu Jian Council
  2965 | D:4      | Found a radiant altar of Vehumet.
  2968 | D:4      | Noticed a black bear
  2978 | D:4      | Killed a black bear
  2979 | D:4      | Reached skill level 1 in Short Blades
  2979 | D:4      | Reached skill level 5 in Armour
  2979 | D:4      | Reached skill level 1 in Dodging
  2979 | D:4      | Reached XP level 5. HP: 34/47 MP: 4/4
  3355 | D:4      | Found a runed translucent door.
  3363 | D:4      | Noticed acdeimund's ghost (amateur MfGl)
  3394 | D:4      | Reached XP level 6. HP: 45/53 MP: 5/5
  3515 | D:4      | Found a sacrificial altar of Ru.
  3552 | D:4      | Reached * piety under Wu Jian
  3563 | D:4      | Found an iron altar of Okawaru.
  3577 | D:4      | Reached skill level 6 in Armour
  3954 | D:4      | Found Soihate's Weapon Boutique.
  4114 | D:4      | Killed acdeimund's ghost
  4115 | D:4      | Reached XP level 7. HP: 22/60 MP: 6/6
  4673 | D:5      | Entered Level 5 of the Dungeon
  4683 | D:5      | Reached skill level 5 in Fighting
  5110 | D:5      | Found a shimmering blue altar of Sif Muna.
  5248 | D:5      | Reached skill level 7 in Armour
  6238 | D:6      | Reached XP level 8. HP: 69/69 MP: 7/7
  6305 | D:6      | Reached skill level 5 in Short Blades
  6305 | D:6      | Reached skill level 8 in Armour
  7168 | D:6      | Found a glowing silver altar of Zin.
  7274 | D:6      | Found an ancient bone altar of Kikubaaqudgha.
  7285 | D:6      | Reached skill level 1 in Stealth
  8008 | D:6      | Noticed Blork the orc
  8015 | D:6      | Killed Blork the orc
  8016 | D:6      | Reached XP level 9. HP: 63/78 MP: 8/8
  8299 | D:7      | Found a staircase to the Ecumenical Temple.
  8427 | D:7      | Reached ** piety under Wu Jian
  8428 | D:7      | Reached skill level 9 in Armour
  8443 | D:7      | Killed from afar by a centaur

Illustrated notes

Levels and vault maps discovered:
D:1:      dpeg_arrival_round_c, layout_loops_ring, basic_ecumenical_altar
D:2:      layout_loops_corners, serial_shops, nicolae_shop_bloodbath_and_beyond
D:3:      layout_rooms, amethyst_overflow_temple_binary
D:4:      layout_basic, mainiacjoe_overflow_catwalk, nicolae_vehumet_radiance,
          nicolae_ru_awakened_eye, serial_shops, shop,
          ebering_ghost_reflecting_pool, roderic_lattice_a, minivault_1,
          fountainhead, kennysheep_potato
D:5:      layout_rooms, marbit_many_paths
D:6:      layout_loops_ring, lemuel_doored_altar,
          nicolae_overflow_hidden_temple, uniq_blork_the_orc
D:7:      layout_loops_ring, fedhas_altar_2, minmay_temple_entry_poolview,
          ebering_ghost_disaster_area

Skill      XL: |  1  2  3  4  5  6  7  8  9 |
---------------+----------------------------+-----
Fighting       | 4 5 6 |  6.6
Long Blades    | 3 4 |  4.4
Armour         | 4 5 6 7 8 9 |  9.0
Shields        | 4 |  4.9
Short Blades   | 1 3 4 6 |  6.8
Dodging        | 1 2 3 |  3.5
Stealth        | 1 |  1.7
Polearms       | |  0.6

Action                   |  1- 3 |  4- 6 |  7- 9 || total
-------------------------+-------+-------+-------++-------
Melee: Long sword        |    93 |       |       ||    93
       Headbutt          |     8 |    19 |    28 ||    55
       Short sword       |     2 |    93 |   155 ||   250
       Trident           |       |       |    22 ||    22
Invok: Lunge             |       |    10 |    17 ||    27
       Whirlwind         |       |       |     1 ||     1
  Use: Potion            |       |     2 |       ||     2
       Scroll            |       |       |    11 ||    11
Armor: Scale mail        |    37 |    46 |    69 ||   152
Dodge: Dodged            |    34 |    28 |    76 ||   138
Block: Buckler           |    26 |     6 |    27 ||    59
